 Dungeon Crawl Stone Soup version 0.28.0-53-g5a82cb258f (webtiles) character file.

Game seed: 12120112767282363487

9006 safid the Severer (level 11, -14/92 HPs)
             Began as a Hill Orc Fighter on July 31, 2022.
             Was an Elder of Elyvilon.
             Shot with an arrow by a centaur warrior (26 damage)
             ... on level 9 of the Dungeon.
             The game lasted 00:15:32 (12071 turns).

safid the Severer (Hill Orc Fighter)               Turns: 12071, Time: 00:15:33

Health: -14/92     AC: 16    Str: 24    XL:     11   Next: 39%
Magic:  15/15      EV:  8    Int:  8    God:    Elyvilon [****..]
Gold:   566        SH:  5    Dex: 16    Spells: 10/10 levels left

rFire   . . .      SeeInvis .   a - +0 war axe
rCold   . . .      Faith    .   c - +0 buckler
rNeg    . . .      Spirit   .   y - +0 plate armour
rPois   .          Reflect  .   e - +0 helmet
rElec   .          Harm     .   (no cloak)
rCorr   .          Rampage  .   g - +0 pair of gloves
Will    .....                   m - +0 pair of boots
Stlth   ..........              (no amulet)
HPRegen 0.25/turn               r - +6 ring of dexterity
MPRegen 0.14/turn               (no ring)

@: no status effects
A: no striking features
a: Renounce Religion, Purification, Heal Other, Heal Self


You were on level 9 of the Dungeon.
You worshipped Elyvilon.
Elyvilon was greatly pleased with you.
You visited 1 branch of the dungeon, and saw 9 of its levels.

You collected 566 gold pieces.

Inventory:

Hand Weapons
 a - a +0 war axe (weapon)
Missiles
 b - 6 boomerangs (quivered)
 A - 2 throwing nets
 C - 8 poisoned darts
Armour
 c - a +0 buckler (worn)
 e - a +0 helmet (worn)
 g - a +0 pair of gloves (worn)
 m - a +0 pair of boots (worn)
 y - a +0 plate armour (worn)
Jewellery
 r - a +6 ring of dexterity (left hand)
 s - a ring of magical power
 H - a ring of fire
Wands
 E - a wand of paralysis (8)
 F - a wand of iceblast (7)
 I - a wand of flame (7)
Scrolls
 f - 2 scrolls of fear {unknown}
 j - a scroll of noise {unknown}
 k - 10 scrolls of identify {unknown}
 n - 2 scrolls of teleportation {unknown}
 o - 2 scrolls of blinking {unknown}
 p - a scroll of acquirement {unknown}
 t - a scroll of enchant weapon {unknown}
 u - 3 scrolls of amnesia {unknown}
 v - a scroll of brand weapon {unknown}
 x - a scroll of magic mapping {unknown}
 D - a scroll of enchant armour {unknown}
 G - a scroll of immolation {unknown}
Potions
 d - 2 potions of might
 h - 3 potions of haste {unknown}
 i - 2 potions of attraction {unknown}
 l - a potion of cancellation {unknown}
 q - 2 potions of heal wounds {unknown}
 w - a potion of magic {unknown}
 z - a potion of resistance {unknown}
 B - 2 potions of curing {unknown}
 J - a potion of brilliance {unknown}


   Skills:
 + Level 7.0 Fighting
 - Level 16.0 Axes
 + Level 4.2 Throwing
 + Level 6.7 Armour
 + Level 3.9 Dodging
 - Level 4.0 Shields
 + Level 6.2 Invocations
 + Level 4.6 Evocations


You had 10 spell levels left.
You didn't know any spells.
Your spell library contained the following spells:

 Spells                   Type           Power      Damage    Failure   Level
 Beastly Appendage        Tmut           0%         N/A       100%        1
 Foxfire                  Conj/Fire      0%         2x1d4     100%        1
 Ensorcelled Hibernation  Hex/Ice        0%         N/A       100%        2
 Passwall                 Tmut/Erth      0%         N/A       100%        2
 Wereblood                Tmut           0%         N/A       100%        2
 Conjure Flame            Conj/Fire      0%         6-21      100%        3
 Frozen Ramparts          Ice            0%         1d2       100%        3
 Ignite Poison            Fire/Tmut/Pois 0%         N/A       100%        3
 Inner Flame              Hex/Fire       0%         N/A       100%        3
 Spider Form              Tmut/Pois      0%         N/A       100%        3
 Swiftness                Air            0%         N/A       100%        3
 Tukima's Dance           Hex            0%         N/A       100%        3
 Anguish                  Hex/Necr       0%         N/A       100%        4
 Flame Wave               Conj/Fire      0%         2d4       100%        4
 Ice Form                 Ice/Tmut       0%         N/A       100%        4
 Sticky Flame             Conj/Fire      0%         2d3       100%        4
 Summon Ice Beast         Ice/Summ       0%         N/A       100%        4
 Enfeeble                 Hex            0%         N/A       100%        7


Dungeon Overview and Level Annotations

Branches:
Dungeon (9/15)             Temple (0/1) D:7            Lair (0/6) D:9
    Orc: D:9-12

Altars:
Dithmenos
Elyvilon
Hepliaklqana
Kikubaaqudgha
Nemelex Xobeh
Qazlal
Sif Muna
Trog
Wu Jian
Zin
The Shining One


Message History

You block the centaur warrior's attack. x2
The centaur warrior hits you but does no damage.
The centaur warrior kicks you but does no damage.
You slash the centaur warrior!
The centaur warrior is severely wounded.
The centaur warrior hits you but does no damage.
The centaur warrior kicks you but does no damage.
You hit the centaur warrior but do no damage.
The centaur warrior is severely wounded.
The centaur warrior hits you.
The centaur warrior kicks you but does no damage.
You closely miss the centaur warrior.
The centaur warrior is severely wounded.
The centaur warrior hits you!
* * * LOW HITPOINT WARNING * * *
The centaur warrior kicks you but does no damage.
You hit the centaur warrior.
The centaur warrior is severely wounded.
You block the centaur warrior's attack.
The centaur warrior kicks you but does no damage.
You hit the centaur warrior but do no damage.
The centaur warrior is severely wounded.
The centaur warrior hits you but does no damage.
The centaur warrior barely misses you.
You slash the centaur warrior!
You kill the centaur warrior!
Your Fighting skill increases to level 7!
A centaur comes into view. It is wielding a staff of cold.
You start resting.
A centaur is nearby!
There are monsters nearby!
The centaur warrior wields a +0 longbow.
The centaur warrior shoots an arrow.
The arrow hits you!!
* * * LOW HITPOINT WARNING * * *
The centaur warrior shoots an arrow.
The arrow barely misses you.
You hear a shout!
There is an open door, spattered with blood here.
There are monsters nearby!
The centaur warrior shoots an arrow.
The arrow hits you!!
You die...

#............##.
#...........####
.............##.
........)†.#....
########...<###...
#######...........#.....
#.....c.#..#.#..........
#.#.#.#..##..#..........
#..#..#@.##..#.........#
#.#.#.#.#..#.#.##...#...
#.....#......#.....##..#
##c############.......##
#)..c#o. .c#####....##
#.##Z#.#.#..#.###.....#
#c##.'...# #.....###..
#....#####. #..........
###### ## #.....>....


You could see a centaur warrior.

Vanquished Creatures
  2 two-headed ogres (D:9)
  A centaur warrior (D:9)
  A manticore (D:9)
  2 kobold demonologists
  2 trolls (D:8)
  Sigmund (D:5)
  7 yaks
  A wraith (D:9)
  Eustachio (D:5)
  5 wyverns
  4 water moccasins
  3 orc warriors
  An ice beast (D:4)
  2 sky beasts (D:6)
  3 black bears
  2 necrophages
  4 ogres
  A centaur (D:6)
  3 kobold brigands
  A phantom (D:5)
  3 scorpions
  A water moccasin skeleton (D:5)
  9 wights
  A howler monkey (D:9)
  3 centaur zombies
  2 jellies
  3 orc priests
  5 hounds
  3 centaur skeletons
  A bullfrog skeleton (D:7)
  2 iguanas
  7 orc wizards
  2 killer bee zombies
  3 hound skeletons
  2 howler monkey zombies
  A howler monkey skeleton (D:7)
  3 adders
  4 shadow imps
  A white imp (D:5)
  An ufetubus (D:4)
  An adder skeleton (D:4)
  2 worms
  2 dart slugs
  23 orcs
  5 bats
  5 endoplasms
  7 giant cockroaches
  3 goblins
  8 hobgoblins
  8 jackals (D:1)
  26 kobolds
  3 quokkas
  4 ball pythons
  3 frilled lizards (D:1)
  6 rats
210 creatures vanquished.

Vanquished Creatures (others)
  2 fungi (D:9)
  6 plants (D:9)
8 creatures vanquished.

Grand Total: 218 creatures vanquished

Notes
Turn   | Place    | Note
-------+----------+-------------------------------------------
     0 | D:1      | safid the Hill Orc Fighter began the quest for the Orb.
     0 | D:1      | Reached XP level 1. HP: 19/19 MP: 1/1
   137 | D:1      | Reached skill level 3 in Axes
   137 | D:1      | Reached XP level 2. HP: 27/27 MP: 2/2
   303 | D:1      | Reached XP level 3. HP: 33/33 MP: 3/3
  1186 | D:2      | Reached XP level 4. HP: 36/40 MP: 4/4
  1252 | D:2      | Reached skill level 4 in Axes
  1835 | D:3      | Reached skill level 5 in Axes
  2024 | D:3      | Found a glowing golden altar of the Shining One.
  2113 | D:3      | Reached XP level 5. HP: 41/46 MP: 5/5
  2171 | D:3      | Found a glowing silver altar of Zin.
  2270 | D:3      | Found a faded altar of an unknown god.
  2277 | D:3      | Prayed at the altar of an unknown god.
  2277 | D:3      | Became a worshipper of Elyvilon the Healer
  2277 | D:3      | Reached * piety under Elyvilon
  2532 | D:3      | Found a shimmering blue altar of Sif Muna.
  2713 | D:4      | Found a stormy altar of Qazlal.
  2799 | D:4      | Noticed an ogre
  2806 | D:4      | Killed an ogre
  2807 | D:4      | Reached skill level 6 in Axes
  2807 | D:4      | Reached XP level 6. HP: 52/52 MP: 6/6
  2863 | D:4      | Reached ** piety under Elyvilon
  2928 | D:4      | Reached skill level 7 in Axes
  2973 | D:4      | Found a shadowy altar of Dithmenos.
  3095 | D:4      | Elyvilon protects you from harm!
  3098 | D:4      | HP: 2/52 [orc priest/divine providence (12)]
  3659 | D:5      | Entered Level 5 of the Dungeon
  3659 | D:5      | Noticed Sigmund
  3665 | D:5      | Killed Sigmund
  3666 | D:5      | Reached skill level 9 in Axes
  3666 | D:5      | Reached XP level 7. HP: 59/59 MP: 7/7
  3753 | D:5      | Reached skill level 10 in Axes
  3943 | D:5      | Found a bloodstained altar of Trog.
  4089 | D:5      | Noticed Eustachio
  4114 | D:5      | Killed Eustachio
  4115 | D:5      | Reached skill level 11 in Axes
  4115 | D:5      | Reached XP level 8. HP: 34/66 MP: 8/8
  4688 | D:5      | Reached skill level 12 in Axes
  4789 | D:5      | Reached *** piety under Elyvilon
  4811 | D:5      | Found a hazy altar of Hepliaklqana.
  4814 | D:5      | Found an ancient bone altar of Kikubaaqudgha.
  4817 | D:5      | Found a sparkling altar of Nemelex Xobeh.
  5414 | D:6      | Reached skill level 13 in Axes
  5621 | D:6      | Reached skill level 14 in Axes
  5621 | D:6      | Reached XP level 9. HP: 71/71 MP: 9/9
  6330 | D:6      | Reached skill level 15 in Axes
  6770 | D:7      | Reached **** piety under Elyvilon
  8022 | D:7      | Found a staircase to the Ecumenical Temple.
  8144 | D:7      | Reached skill level 16 in Axes
  8311 | D:8      | Reached skill level 1 in Invocations
  8361 | D:7      | Reached skill level 1 in Throwing
  8361 | D:7      | Reached skill level 1 in Evocations
  8542 | D:7      | Reached skill level 1 in Dodging
  8598 | D:8      | Reached XP level 10. HP: 56/80 MP: 11/11
  8827 | D:8      | Found a white marble altar of Elyvilon.
  9054 | D:8      | Reached ***** piety under Elyvilon
  9449 | D:8      | Reached skill level 5 in Fighting
  9702 | D:8      | Reached skill level 5 in Armour
 10202 | D:9      | Found a staircase to the Lair.
 10317 | D:9      | Noticed a two-headed ogre
 10336 | D:9      | Killed a two-headed ogre
 10555 | D:9      | Noticed a kobold demonologist
 10555 | D:9      | Noticed a kobold demonologist
 10556 | D:9      | Noticed a sixfirhy
 10934 | D:8      | Killed a kobold demonologist
 10935 | D:8      | Reached skill level 5 in Invocations
 10948 | D:9      | Killed a kobold demonologist
 10949 | D:9      | Reached XP level 11. HP: 71/90 MP: 14/14
 11198 | D:9      | Found an ornate altar of the Wu Jian Council.
 11468 | D:9      | Noticed a manticore
 11483 | D:9      | Killed a manticore
 11974 | D:9      | Noticed a centaur warrior
 11975 | D:9      | Noticed a centaur warrior
 11990 | D:9      | Noticed a two-headed ogre
 11999 | D:9      | Killed a two-headed ogre
 12021 | D:9      | Killed a centaur warrior
 12071 | D:9      | Shot with an arrow by a centaur warrior

Illustrated notes

Levels and vault maps discovered:
D:1:      eino_arrival_cavern_a, layout_rooms, minivault_24
D:2:      layout_basic
D:3:      layout_loops_ring, zin_statuary, tso_oasis_becter, marbit_many_paths,
          dreamdust_ecumenical_altar_hidden_monk_grotto
D:4:      layout_loops_ring, grunt_qazlal_sundering, grunt_dithmenos_smoke
D:5:      layout_basic, trog_three_pillars_becter,
          grunt_temple_overflow_diamond, chequers_serial_rivers_micro_b,
          uniq_eustachio, uniq_sigmund
D:6:      layout_basic, hangedman_decor_slide_cut
D:7:      layout_basic, minmay_temple_entry_stoned_glass
D:8:      layout_loops_ring, old_standard_altar
D:9:      minmay_clustersquares, layout_cave_pools,
          mainiacjoe_overflow_surrounded_room, minmay_lair_entry_grove,
          serial_shops, shop

Skill      XL: |  1  2  3  4  5  6  7  8  9 10 11 |
---------------+----------------------------------+-----
Axes           | 3 5 6 9 11 14 16 | 16.0
Fighting       | 4 6 7 |  7.0
Armour         | 4 6 |  6.7
Shields        | 4 |  4.0
Invocations    | 2 5 6 |  6.2
Throwing       | 1 3 4 |  4.2
Evocations     | 1 3 4 |  4.6
Dodging        | 1 3 |  3.9

Action                   |  1- 3 |  4- 6 |  7- 9 | 10-12 || total
-------------------------+-------+-------+-------+-------++-------
Melee: War axe           |   111 |   131 |   304 |   307 ||   853
Throw: Boomerang         |       |       |     2 |    14 ||    16
Invok: Heal Self         |       |       |       |     6 ||     6
  Use: Potion            |       |     2 |       |       ||     2
Armor: Scale mail        |    62 |    53 |    66 |       ||   181
       Plate armour      |       |       |   101 |   156 ||   257
Dodge: Dodged            |    58 |    50 |    86 |   102 ||   296
Block: Buckler           |    29 |    26 |    61 |    79 ||   195
